 Dungeon Crawl Stone Soup version 0.28.0 (webtiles) character file.

Game seed: 16720936225819325691

407 Hasart the Caller (level 6, -1/45 HPs)
             Began as a Demigod Summoner on Feb 15, 2022.
             Slain by a hornet (16 damage)
             ... on level 5 of the Dungeon.
             The game lasted 00:10:03 (4789 turns).

Hasart the Caller (Demigod Summoner)                Turns: 4789, Time: 00:10:04

Health: -1/45      AC:  4    Str: 15    XL:     6   Next: 30%
Magic:  7/14       EV: 13    Int: 25    God:
Gold:   150        SH:  0    Dex: 14    Spells: 2/12 levels left

rFire   . . .      SeeInvis .   m - +2 short sword (speed)
rCold   . . .      Faith    .   (no shield)
rNeg    . . .      Spirit   .   a - +0 robe
rPois   .          Reflect  .   (no helmet)
rElec   .          Harm     .   u - +0 cloak
rCorr   .          Rampage  .   n - +0 pair of gloves
Will    .....                   (no boots)
Stlth   ++........              (no amulet)
HPRegen 0.15/turn               h - +6 ring of strength
MPRegen 0.14/turn               k - ring of wizardry

@: lethally poisoned (-1 -> -4), about to teleport
A: high MP 1, forlorn, divine attributes
a: no special abilities


You were on level 5 of the Dungeon.
You visited 1 branch of the dungeon, and saw 5 of its levels.

You collected 150 gold pieces.

Inventory:

Hand Weapons
 m - a +2 short sword of speed (weapon)
Armour
 a - a +0 robe (worn)
 n - a +0 pair of gloves (worn)
 u - a +0 cloak (worn)
Jewellery
 h - a +6 ring of strength (left hand)
 k - a ring of wizardry (right hand)
 o - a +6 ring of strength
 x - a ring of magical power
Wands
 p - a wand of flame (8)
Scrolls
 d - 2 scrolls of vulnerability {unknown}
 g - 2 scrolls of identify {unknown}
 q - a scroll of magic mapping {unknown}
 s - a scroll of amnesia {unknown}
 w - a scroll of enchant armour {unknown}
 y - a scroll of immolation {unknown}
Potions
 b - 3 potions of flight {unknown}
 c - a potion of invisibility {unknown}
 f - 5 potions of curing {unknown}
 i - a potion of resistance {unknown}
 j - a potion of berserk rage {unknown}
 l - a potion of attraction {unknown}
 r - a potion of brilliance {unknown}
 t - a potion of degeneration {unknown}
 v - 2 potions of might {unknown}


   Skills:
 + Level 3.8 Dodging
 - Level 1.8 Stealth
 + Level 3.5 Spellcasting
 + Level 5.0 Summonings
 + Level 1.2 Air Magic


You had 2 spell levels left.
You knew the following spells:

 Your Spells              Type           Power      Damage    Failure   Level
a - Summon Small Mammal   Summ           100%       N/A       1%          1
b - Call Imp              Summ           29%        N/A       1%          2
c - Call Canine Familiar  Summ           29%        N/A       1%          3
d - Summon Lightning Spi  Summ/Air       20%        N/A       11%         4

Your spell library contained the following spells:

 Spells                   Type           Power      Damage    Failure   Level
 Blink                    Tloc           8%         N/A       6%          2
 Summon Guardian Golem    Hex/Summ       17%        N/A       4%          3
 Manifold Assault         Tloc           4%         N/A       69%         5
 Storm Form               Tmut/Air       3%         N/A       100%        7


Dungeon Overview and Level Annotations

Branches:
Dungeon (5/15)
 Temple: D:4-7

Shops:
D:1 ?[


Innate Abilities, Weirdness & Mutations

You have an increased reservoir of magic. (+10% MP)
You shall have no god before yourself.
Your divine heritage dramatically boosts your attributes as you level up.


Message History

Found a manual of Armour and 24 stones.
The hornet buzzes angrily.
Unknown command.
The adder bites you but does no damage.
There is a stone staircase leading up here.
Unknown command.
Casting: Summon Lightning Spire (quite dangerous; 11% risk of failure)
Confirm with . or Enter, or press ? or * to list all spells.
The hornet stings you.
You are poisoned.
You feel yourself slow down. The adder closely misses you.
Casting: Call Canine Familiar (safe; 1% risk of failure)
Confirm with . or Enter, or press ? or * to list all spells.
The spell is quite dangerous to miscast (11% risk of failure)!
Continue anyway?
Okay, then.
Unknown command.
Casting: Summon Lightning Spire (quite dangerous; 11% risk of failure)
Confirm with . or Enter, or press ? or * to list all spells.
The spell is quite dangerous to miscast (11% risk of failure)!
Continue anyway?
An electric hum fills the air.
You feel yourself speed up.
You feel very sick. The hornet misses you.
The adder bites you but does no damage.
Your hound completely misses the hornet.
The scorpion stings you. The hornet misses you.
Your hound closely misses the hornet.
The adder misses you. The scorpion completely misses you.
Unknown command.
Unknown command.
You feel sick.
Your hound bites the adder.
The hornet stings you!
You feel yourself slow down.
Unknown command.
As you read the scroll labelled TASTOX EBIRALA, it crumbles to dust.
You feel strangely unstable.
It was a scroll of teleportation.
You feel yourself speed up.
You feel sick. The adder bites you. The hornet barely misses you.
Your hound closely misses the hornet.
The scorpion stings you but does no damage.
The hornet stings you!
You die...

#..# #..#. ....#
#..( ##
.....##..#### .#
......>$....# .#
........!##.##.#
........#.#.#.##
:.....#........#
#...##....).hy.#
### #........S@#
#....#.....s8#
...#..#.......#
.###..#>......#
#..#.......#
.....#####.# ##.
#.# # #.# #.#


You could see a hornet (ally target), a scorpion, an adder (ally target), a
friendly lightning spire (summoned) and a friendly hound (summoned).

Vanquished Creatures
  A bullfrog zombie (D:5)
  A bullfrog skeleton (D:5)
  A hound skeleton (D:5)
  An adder (D:4)
  A worm (D:4)
  A dart slug (D:1)
  An orc (D:4)
  2 bats
  5 endoplasms
  3 giant cockroaches
  3 goblins
  2 hobgoblins
  2 jackals (D:1)
  4 ball pythons
  3 frilled lizards
  A rat (D:1)
32 creatures vanquished.

Vanquished Creatures (collateral kills)
  An ogre (D:5)
  Crazy Yiuf (D:3)
  An iguana (D:4)
  A gnoll shaman (D:4)
  An orc wizard (D:4)
  5 gnolls
  2 adders
  An adder skeleton (D:4)
  A dart slug (D:1)
  2 orcs (D:4)
  3 ball pythons
  A bat (D:1)
  An endoplasm (D:1)
  3 goblins
  A hobgoblin (D:3)
  2 jackals (D:1)
  3 kobolds
  A rat (D:1)
31 creatures vanquished.

Grand Total: 63 creatures vanquished

Notes
Turn   | Place    | Note
-------+----------+-------------------------------------------
     0 | D:1      | Hasart the Demigod Summoner began the quest for the Orb.
     0 | D:1      | Reached XP level 1. HP: 14/14 MP: 5/5
   525 | D:1      | Reached XP level 2. HP: 3/20 MP: 5/7
   808 | D:1      | Learned a level 2 spell: Call Imp
   824 | D:1      | Found Jimugh's Antique Armour Shop.
  1711 | D:1      | Reached skill level 4 in Summonings
  1803 | D:1      | Reached XP level 3. HP: 14/26 MP: 5/9
  2253 | D:1      | Found Vuvytt's Magic Scroll Boutique.
  2616 | D:2      | Learned a level 3 spell: Call Canine Familiar
  3266 | D:3      | Found a runed translucent door.
  3267 | D:3      | Noticed Crazy Yiuf
  3282 | D:3      | Killed Crazy Yiuf
  3283 | D:3      | Reached XP level 4. HP: 33/33 MP: 4/10
  3945 | D:4      | Reached XP level 5. HP: 32/38 MP: 3/12
  4320 | D:4      | Learned a level 4 spell: Summon Lightning Spire
  4698 | D:5      | Entered Level 5 of the Dungeon
  4732 | D:5      | Noticed an ogre
  4744 | D:5      | Killed an ogre
  4745 | D:5      | Reached skill level 5 in Summonings
  4745 | D:5      | Reached skill level 1 in Air Magic
  4745 | D:5      | Reached XP level 6. HP: 45/45 MP: 10/14
  4778 | D:5      | Noticed a hornet
  4789 | D:5      | Slain by a hornet

Illustrated notes

Levels and vault maps discovered:
D:1:      shiori_arrival_elements, layout_loops_corners, serial_shops,
          nicolae_shop_hallway_plus, shop
D:2:      layout_rooms, guppyfry_early_lair_pool
D:3:      layout_rooms, serial_curves, eino_curves_04, eino_curves_01,
          eino_curves_04, eino_curves_03, hellmonk_ecumenical_altar_lost_god,
          uniq_crazy_yiuf_cottage
D:4:      layout_cave_pods, nicolae_ru_great_annihilating_truth,
          grunt_decor_one_mirror
D:5:      layout_loops_ring, marbit_many_paths, tgw_xom,
          nicolae_ossuary_entry_catacombs, serial_bayou_pond_b,
          minmay_manual_moon

Skill      XL: |  1  2  3  4  5 |
---------------+----------------+-----
Dodging        | 2 3 |  3.8
Spellcasting   | 2 3 |  3.5
Summonings     | 4 5 |  5.0
Air Magic      | 1 |  1.2
Stealth        | |  1.8

Action                   |  1- 3 |  4- 6 || total
-------------------------+-------+-------++-------
Melee: Mace              |    41 |       ||    41
       Unarmed           |     3 |       ||     3
       Short sword       |    31 |    43 ||    74
 Cast: Summon Small Mamm |     9 |       ||     9
       Call Imp          |    11 |     2 ||    13
       Call Canine Famil |     4 |    14 ||    18
       Summon Lightning  |       |     2 ||     2
  Use: Scroll            |       |     1 ||     1
 Stab: Sleeping          |     2 |     3 ||     5
       Paralysed         |       |     1 ||     1
       Distracted        |       |     1 ||     1
Armor: Robe              |    15 |     9 ||    24
Dodge: Dodged            |    74 |    34 ||   108
